 Dungeon Crawl Stone Soup version 0.29-a0-477-g62b78b4225 (webtiles) character file.

Game seed: 12847309583776528597

1534 siradein the Reanimator (level 8, -7/41 HPs)
             Began as a Vampire Necromancer on May 25, 2022.
             Mangled by a gnoll shaman
             ... wielding a +0 quarterstaff
              (11 damage)
             ... on level 7 of the Dungeon.
             The game lasted 00:21:46 (7346 turns).

siradein the Reanimator (Vampire Necromancer)       Turns: 7346, Time: 00:21:47

Health: -7/41      AC:  6    Str:  7    XL:     8   Next: 55%
Magic:  3/17       EV: 12    Int: 25    God:
Gold:   330        SH:  4    Dex: 21    Spells: 11/19 levels left

rFire   . . .      SeeInvis +   B - +0 dagger (vamp)
rCold   + + +      Faith    .   j - +0 buckler
rNeg    + + +      Spirit   .   q - +2 robe {rC+}
rPois   ∞          Reflect  .   (no helmet)
rElec   .          Harm     .   n - +0 cloak
rCorr   .          Rampage  .   l - +0 pair of gloves
Will    .....                   (no boots)
Stlth   ++++++....              F - amulet of the acrobat
HPRegen 0.00/turn               c - +6 ring of dexterity
MPRegen 0.15/turn               y - +6 ring of intelligence

@: animating dead, bloodless, inhibited regen
A: bloodless, fangs 3, see invisible, vampiric 2
a: Bat Form, Revivify


You were on level 7 of the Dungeon.
You visited 1 branch of the dungeon, and saw 7 of its levels.

You collected 330 gold pieces.

Inventory:

Hand Weapons
 d - a +1 short sword of draining
 m - a +0 rapier
 B - a +0 vampiric dagger (weapon)
Missiles
 a - 8 poisoned darts
Armour
 j - a +0 buckler (worn)
 l - a +0 pair of gloves (worn)
 n - a +0 cloak (worn)
 q - a +2 robe of cold resistance (worn)
Jewellery
 c - a +6 ring of dexterity (left hand)
 u - a ring of protection from cold
 x - a ring of fire
 y - a +6 ring of intelligence (right hand)
 F - an amulet of the acrobat (around neck)
Wands
 r - a wand of acid (7)
Scrolls
 e - a scroll of vulnerability {unknown}
 g - 3 scrolls of noise {unknown}
 h - 2 scrolls of poison {unknown}
 i - a scroll of fog {unknown}
 p - 2 scrolls of teleportation {unknown}
 t - 5 scrolls of immolation {unknown}
 v - a scroll of amnesia {unknown}
 D - a scroll of brand weapon {unknown}
 E - a scroll of enchant armour {unknown}
Potions
 b - a potion of magic
 f - 2 potions of cancellation
 k - a potion of lignification {unknown}
 o - 3 potions of curing
 s - 5 potions of heal wounds
 w - 2 potions of flight {unknown}
 z - a potion of haste {unknown}
 A - a potion of brilliance {unknown}
 C - 2 potions of might {unknown}


   Skills:
 + Level 4.2 Short Blades
 - Level 2.1 Dodging
 + Level 7.0 Stealth
 + Level 6.1 Spellcasting
 + Level 8.3 Necromancy


You had 11 spell levels left.
You knew the following spells:

 Your Spells              Type           Power      Damage    Failure   Level
a - Necrotize             Necr           100%       1d9       1%          1
b - Vampiric Draining     Necr           49%        2d9       1%          3
c - Animate Dead          Necr           49%        N/A       3%          4

Your spell library contained the following spells:

 Spells                   Type           Power      Damage    Failure   Level
 Agony                    Necr           49%        N/A       9%          5
 Dazzling Flash           Conj/Hex       14%        N/A       30%         3
 Ozocubu's Armour         Ice            7%         N/A       30%         3
 Iskenderun's Mystic Bla  Conj/Tloc      7%         2d4       69%         4
 Starburst                Conj/Fire      3%         6d3       100%        6
 Ozocubu's Refrigeration  Ice            3%         4d5       100%        7


Dungeon Overview and Level Annotations

Branches:
Dungeon (7/15)
 Temple: D:4-7

Altars:
Ashenzari
Elyvilon
Gozag
Makhleb
Nemelex Xobeh
Okawaru
Ru
Trog
Zin

Shops:
D:6 =


Innate Abilities, Weirdness & Mutations

You do not regenerate when monsters are visible.
You are frail without blood (-20% HP).
You can heal yourself when you bite living creatures.
You are immune to poison.
You have razor-sharp teeth.
You have supernaturally acute eyesight. (SInv)
You are afflicted with vampirism and can become a bat while bloodless.


Message History

You barely miss the yak.
The yak is almost dead.
The gnoll shaman hits you with a +0 quarterstaff!
The yak gores you but does no damage.
You hit the yak but do no damage. You drain the yak. Your bite misses the yak.
The yak is almost dead.
The yak closely misses you.
The gnoll shaman calls down the wrath of its god upon you.
You easily resist.
Casting: Vampiric Draining (safe; 1% risk of failure)
Confirm with . or Enter, or press ? or * to list all spells.
Aiming: Vampiric Draining (safe; 1% risk of failure)
Press: ? - help, Shift-Dir - straight line, f/p - yak
Aim: a yak (almost dead, heavily drained)
You draw life force from the yak!
You kill the yak!
You feel life coursing into your body.
The dead are walking!
The gnoll shaman hits you with a +0 quarterstaff!
* * * LOW HITPOINT WARNING * * *
Your Short Blades skill increases to level 4!
Your Stealth skill increases to level 7!
Unknown command.
You swap places.
The yak gores your yak zombie!
You hit the gnoll shaman. You drain the gnoll shaman.
The gnoll shaman is moderately wounded.
Your yak zombie gores the gnoll shaman!
The gnoll shaman utters an invocation to its god.
The gnoll shaman is healed somewhat.
The yak gores your yak zombie!
You feel a bloodthirsty glee!
B - a +0 vampiric dagger (weapon)
Your yak zombie gores the gnoll shaman.
You hit the gnoll shaman.
The gnoll shaman is almost dead.
The gnoll shaman mumbles some strange prayers to its god against you.
You easily resist.
The yak gores your yak zombie!
You hit the gnoll shaman but do no damage.
The gnoll shaman is almost dead.
The yak gores your yak zombie but does no damage.
The gnoll shaman hits you with a +0 quarterstaff!
You die...

.... # .... .. #..# #
# #. #..# .# #.#.
##..## ..#
###.#.####....## #..#
.......##..##..##...#
..##.................#
...<...g@....##..###.#
.##...Z.....###.....#
#....Y##+#### #.#####
#..... #<# #..... ###
#..... ....... #......
#..#+##


You could see a yak (ally target), a gnoll shaman (very drained) and a friendly
yak zombie.

Vanquished Creatures
  Sigmund (D:2)
  A yak (D:7)
  A water moccasin (D:5)
  An orc warrior (D:6)
  A sky beast (D:6)
  A phantom (D:6)
  2 necrophages
  A scorpion (D:4)
  A howler monkey (D:4)
  3 hounds
  A jelly (D:3)
  An orc priest (D:4)
  Terence (D:2)
  Jessica (D:2)
  2 iguanas
  4 orc wizards
  2 gnolls (D:4)
  5 adders
  2 shadow imps (D:6)
  2 white imps
  2 worms (D:2)
  2 dart slugs
  18 orcs
  5 endoplasms
  11 giant cockroaches
  6 goblins
  5 hobgoblins
  2 jackals (D:1)
  6 quokkas
  8 ball pythons
  4 bats
  3 frilled lizards (D:1)
  A kobold (D:1)
  A rat (D:1)
108 creatures vanquished.

Vanquished Creatures (collateral kills)
  2 orc priests (D:5)
  A gnoll (D:4)
  An ufetubus (D:5)
  A dart slug (D:2)
  4 orcs (D:5)
  A giant cockroach (D:1)
  A hobgoblin (D:2)
  A jackal (D:1)
  A kobold (D:3)
  A ball python (D:3)
  2 rats (D:1)
16 creatures vanquished.

Vanquished Creatures (others)
  An orc zombie (D:6)
1 creature vanquished.

Grand Total: 125 creatures vanquished

Notes
Turn   | Place    | Note
-------+----------+-------------------------------------------
     0 | D:1      | siradein the Vampire Necromancer began the quest for the
                  | Orb.
     0 | D:1      | Reached XP level 1. HP: 13/13 MP: 3/3
   250 | D:1      | Found a faded altar of an unknown god.
   444 | D:1      | Reached XP level 2. HP: 19/19 MP: 1/5
   907 | D:1      | Reached skill level 5 in Necromancy
   907 | D:1      | Gained mutation: You are afflicted with vampirism and can
                  | become a bat while bloodless. [Vampire growth]
   907 | D:1      | Reached XP level 3. HP: 19/19 MP: 2/7
   911 | D:1      | Learned a level 3 spell: Vampiric Draining
  1055 | D:2      | Found a sparkling altar of Nemelex Xobeh.
  1057 | D:2      | Noticed Jessica
  1062 | D:2      | Killed Jessica
  1482 | D:2      | Reached XP level 4. HP: 24/24 MP: 2/8
  1603 | D:2      | Learned a level 4 spell: Animate Dead
  1815 | D:2      | Noticed Sigmund
  1825 | D:2      | Killed Sigmund
  1826 | D:2      | Reached skill level 6 in Necromancy
  1826 | D:2      | Reached XP level 5. HP: 17/28 MP: 5/11
  2676 | D:2      | Noticed Terence
  2681 | D:2      | Killed Terence
  2682 | D:2      | Reached XP level 6. HP: 21/32 MP: 5/12
  4274 | D:4      | Reached skill level 7 in Necromancy
  4410 | D:4      | Reached skill level 1 in Short Blades
  4410 | D:4      | Reached skill level 5 in Spellcasting
  4410 | D:4      | Reached XP level 7. HP: 31/36 MP: 7/14
  4578 | D:4      | Found a bloodstained altar of Trog.
  5037 | D:5      | Entered Level 5 of the Dungeon
  5455 | D:5      | Reached skill level 5 in Stealth
  6249 | D:6      | Reached XP level 8. HP: 39/41 MP: 16/16
  6518 | D:6      | Found Sauta's One-of-a-Kind Rings.
  6660 | D:6      | Found a burning altar of Makhleb.
  6668 | D:6      | Reached skill level 8 in Necromancy
  6669 | D:6      | Found a sacrificial altar of Ru.
  6673 | D:6      | Found an iron altar of Okawaru.
  6674 | D:6      | Found an opulent altar of Gozag.
  6676 | D:6      | Found a broken altar of Ashenzari.
  7346 | D:7      | Mangled by a gnoll shaman

Illustrated notes

Levels and vault maps discovered:
D:1:      matt_arrival_grand_opening, layout_loops_ring,
          ebering_ecumenical_altar_box, minmay_misc_feat_four_crosses
D:2:      layout_loops_corners, basic_altar, grunt_ministairs_11, uniq_terence,
          uniq_sigmund, uniq_jessica
D:3:      minmay_roachtagon, layout_loops_ring, grunt_ministairs_6,
          due_unseen_surprise
D:4:      layout_rooms, nicolae_overflow_squiral
D:5:      layout_basic, fountainhead, kennysheep_generic_room_16
D:6:      layout_basic, minitemple, nicolae_shop_unique_rings
D:7:      layout_basic, nicolae_qazlal_scattered_showers,
          minmay_temple_entry_poolview, minmay_crystal_water, st_stairs_1,
          hangedman_decor_growths, palyth_stone_intersect,
          dreamdust_gnoll_shepherd

Skill      XL: |  1  2  3  4  5  6  7  8 |
---------------+-------------------------+-----
Necromancy     | 5 6 7 8 |  8.3
Spellcasting   | 3 4 5 6 |  6.1
Short Blades   | 1 3 4 |  4.2
Stealth        | 5 7 |  7.0
Dodging        | |  2.1

Action                   |  1- 3 |  4- 6 |  7- 9 || total
-------------------------+-------+-------+-------++-------
Melee: Unarmed           |    39 |       |       ||    39
       Quarterstaff      |     2 |       |       ||     2
       Short sword       |     2 |     3 |    15 ||    20
       Bite              |     1 |     2 |    14 ||    17
       Rapier            |       |    20 |    52 ||    72
       Dagger            |       |       |    61 ||    61
 Cast: Necrotize         |    54 |    87 |    41 ||   182
       Vampiric Draining |       |     4 |    12 ||    16
       Animate Dead      |       |       |     4 ||     4
 Abil: Exsanguinate      |     1 |       |       ||     1
       End Transformatio |     1 |       |       ||     1
       Bat Form          |     1 |       |       ||     1
  Use: Scroll            |       |       |     3 ||     3
 Stab: Sleeping          |     2 |       |     5 ||     7
       Distracted        |       |       |     1 ||     1
Armor: Robe              |     4 |     6 |    35 ||    45
Dodge: Dodged            |    32 |    14 |    87 ||   133
Block: Buckler           |       |     4 |    27 ||    31

Table legend: (Time is in decaauts)
 A = Elapsed time spent in this place.
 B = Non-inter-level travel time spent in this place.
 C = Inter-level travel time spent in this place.
 D = Time resting spent in this place.
 E = Time spent auto-exploring this place.
 F = Levels seen in this place.
 G = Mean time per level.
                   A        B        C        D        E       F      G
               +--------+--------+--------+--------+--------+-----+--------+
         Total |   7302 |   7079 |    223 |     73 |   5821 |   7 | 1043.1 |
       Dungeon |   7302 |   7079 |    223 |     73 |   5821 |   7 | 1043.1 |
               +--------+--------+--------+--------+--------+-----+--------+

Top non-repeatable levels by time:
     D:2: 1913 daAuts
     D:3: 1315 daAuts
     D:5: 1197 daAuts
     D:6: 1070 daAuts
     D:1: 1000 daAuts
     D:4: 772 daAuts
     D:7: 33 daAuts
